 Dungeon Crawl Stone Soup version 0.14-a0-1192-g192f278 (webtiles) character file.

62 PolkaDot the Grave Robber (level 2, 0/19 HPs)
             Began as a Vampire Necromancer on Nov 30, 2013.
             Slain by an adder (3 damage)
             ... on Level 2 of the Dungeon.
             The game lasted 00:05:16 (1155 turns).

PolkaDot the Grave Robber (Vampire Necromancer)     Turns: 1155, Time: 00:05:16

HP   0/19        AC  2     Str  7      XL: 2   Next: 79%
MP   4/5         EV 12     Int 17      God:
Gold 38          SH  0     Dex 14      Spells:  2 memorised,  1 level left

rFire  . . .     SeeInvis +     (no weapon)
rCold  . . .     Clarity  .     a - +0 robe
rNeg   + . .     Conserve .     (no shield)
rPois  .         rCorr    .     (no helmet)
rElec  .         rRot     .     (no cloak)
SustAb . .       Spirit   .     (no gloves)
rMut   .         Warding  .     (no boots)
Saprov . . .     Stasis   .     (no amulet)
                                (no ring)
                                h - cursed ring of hunger

@: not resistant to hostile enchantments, stealthy
A: fangs 3, see invisible, unbreathing
a: no special abilities


You were on level 2 of the Dungeon.
You were not thirsty.

You visited 1 branch of the dungeon, and saw 2 of its levels.

You collected 38 gold pieces.

Inventory:

Armour
 a - a +0 robe (worn)
Scrolls
 d - 2 scrolls of remove curse {unknown}
 e - a scroll of recharging {unknown}
 f - a scroll of identify {unknown}
 i - a scroll of blinking {unknown}
 j - a scroll of teleportation {unknown}
 l - a scroll of curse weapon {unknown}
Jewellery
 h - a cursed ring of hunger (left hand)
Potions
 c - a potion of curing {unknown}
 g - a potion of restore abilities {unknown}
 k - a potion of confusion {unknown}
Books
 b - a book of Necromancy

   Spells                             Type                      Level
   *Pain                              Necromancy                   1
   *Animate Skeleton                  Necromancy                   1
   Lethal Infusion                    Charms/Necromancy            2
   Vampiric Draining                  Necromancy                   3
   Regeneration                       Charms/Necromancy            3
   Animate Dead                       Necromancy                   4
   Control Undead                     Necromancy                   4


   Skills:
 - Level 2.1 Dodging
 - Level 3.0 Stealth
 - Level 1.0 Spellcasting
 * Level 5.4 Necromancy


You had one spell level left.
You knew the following spells:

 Your Spells              Type           Power        Failure   Level  Hunger
a - Pain                  Necr           ###.         2%          1    ##.....
s - Animate Skeleton      Necr           N/A          2%          1    ##.....


Dungeon Overview and Level Annotations

Branches:
Dungeon (2/16)

Altars:


Innate Abilities, Weirdness & Mutations

You have razor-sharp teeth.
You have supernaturally acute eyesight.
You can survive without breathing.


Message History

Casting: Animate Skeleton
Confirm with . or Enter, or press ? or * to list all spells.
Aiming: Pain
Press: ? - help, Shift-Dir - straight line, f - adder
Aim: an adder The adder convulses in agony!
The adder bites you.
Your kobold skeleton barely misses the adder.
The adder bites you.
You closely miss the adder.
The adder is severely wounded.
The adder barely misses you.
Your kobold skeleton misses the adder.
You hit the adder.
The adder is severely wounded.
The adder closely misses you.
Your kobold skeleton hits the adder.
You hit the adder but do no damage.
The adder is almost dead.
The adder bites you.
* * * LOW HITPOINT WARNING * * *
The adder bites you.
You die...

#.#. ##.. #
...# #
#.#####..# ..#
#....##..###...
#<..........#
####...##.##
#.#####....#
#.......@z$#
########S..#
#...# #...#
#...# .....
...... ......
#..


You could see an adder and a friendly kobold skeleton.

Vanquished Creatures
  A giant gecko (D:1)
  2 bats (D:1)
  A giant cockroach (D:1)
  3 hobgoblins (D:1)
  4 kobolds (D:1)
  A rat (D:1)
12 creatures vanquished.

Vanquished Creatures (collateral kills)
  A giant gecko (D:1)
  A hobgoblin (D:1)
  6 jackals (D:1)
  2 kobolds (D:1)
  2 goblins (D:1)
  A rat (D:1)
13 creatures vanquished.

Vanquished Creatures (others)
  A bat skeleton (D:1)
  A giant gecko skeleton (D:1)
  2 kobold skeletons (D:1)
4 creatures vanquished.

Grand Total: 29 creatures vanquished

Notes
Turn   | Place    | Note
--------------------------------------------------------------
     0 | D:1      | PolkaDot, the Vampire Necromancer, began the quest for the Orb.
     0 | D:1      | Reached XP level 1. HP: 13/13 MP: 4/4
   269 | D:1      | Learned a level 1 spell: Animate Skeleton
   426 | D:1      | Reached XP level 2. HP: 17/19 MP: 2/5
   449 | D:1      | Reached skill level 5 in Necromancy
  1155 | D:2      | Slain by an adder

Action                   || total
-------------------------++-------
Melee: Unarmed           ||    77
 Cast: Pain              ||    14
       Animate Skeleton  ||     8
  Use: Potion            ||     1
